 Dungeon Crawl Stone Soup version 0.22.0-36-g8e74550 (webtiles) character file.

56 iamserjio the Ruffian (level 3, -3/36 HPs)
             Began as a Troll Fighter on Aug 24, 2018.
             Killed by divine providence
             ... invoked by an orc priest
              (11 damage)
             ... on level 4 of the Dungeon.
             The game lasted 00:02:21 (350 turns).

iamserjio the Ruffian (Troll Fighter)                Turns: 350, Time: 00:02:21

Health: -3/36      AC:  5    Str: 29    XL:     3   Next: 71%
Magic:  2/2        EV:  8    Int:  5    God:
Gold:   37         SH:  9    Dex:  9    Spells: 2/2 levels left

rFire    . . .     SeeInvis .     - Unarmed
rCold    . . .     Gourm    +   b - +0 shield
rNeg     . . .     Faith    .   a - +0 robe
rPois    .         Spirit   .   (helmet restricted)
rElec    .         Reflect  .   (no cloak)
rCorr    .         Harm     .   (gloves unavailable)
MR       .....                  (boots unavailable)
Stlth    +.........             (no amulet)
HPRegen  0.52/turn              (no ring)
MPRegen  0.08/turn              (no ring)

@: mighty, lethally poisoned (-3 -> -4)
A: large, unfitting armour, claws 3, fast metabolism 3, gourmand, regeneration
1, shaggy fur 1, tough skin 2
a: no special abilities


You were on level 4 of the Dungeon.
You were not hungry.

You visited 1 branch of the dungeon, and saw 5 of its levels.

You collected 37 gold pieces.

Inventory:

Hand Weapons
 k - a +0 morningstar
Armour
 a - a +0 robe (worn)
 b - a +0 shield (worn)
Jewellery
 e - an uncursed ring of flight {unknown}
Scrolls
 g - a scroll of blinking {unknown}
 h - a scroll of immolation {unknown}
 i - a scroll of fog {unknown}
Comestibles
 d - 4 rations
 j - 2 chunks of flesh


   Skills:
 - Level 2.4 Fighting
 - Level 2.4 Dodging
 - Level 2.4 Shields
 + Level 4.1 Unarmed Combat


You had 2 spell levels left.
You didn't know any spells.
Your spell library was empty.

Dungeon Overview and Level Annotations

Branches:
Dungeon (5/15)
 Temple: D:4-7

Altars:


Innate Abilities, Weirdness & Mutations

You are too large for most types of armour.
You have claws for hands.
Your metabolism is lightning-fast.
You like to eat raw meat.
Your natural rate of healing is unusually fast.
You are covered in fur. (AC +1)
You have very tough skin. (AC +2)


Message History

You scratch the orc priest.
The orc priest is almost dead.
You feel sick. You block the giant cockroach's attack.
You block the worker ant's attack. The orc priest hits you with a war axe!
* * * LOW HITPOINT WARNING * * *
The orc priest closely misses you. You block the orc priest's attack.
It was a potion of curing.
You feel better. The giant cockroach barely misses you.
The worker ant bites you!
You are poisoned.
The worker ant poisons you! You block the orc priest's attack.
The orc priest calls upon Beogh to heal the orc priest.
The orc priest is healed somewhat.
The giant cockroach barely misses you.
Your shield prevents you from hitting the orc priest.
The orc priest is heavily wounded.
You feel sick. You block the worker ant's attack.
The orc priest closely misses you. The orc priest hits you.
* * * LOW HITPOINT WARNING * * *
The orc priest calls down the wrath of Beogh upon you.
Beogh smites you!
You die...

##### #...#
.....##...#####
...............
..............<
...............
...............
......oo....... # #@s#
#####.##ao########
.......(†.'......+
..........#......#
..........#......#
..........#......#
..........##.....########
..........##.....##......
...##.....##......+......


You could see a worker ant, 3 orc priests and a giant cockroach.

Vanquished Creatures
  An iguana (D:4)
  An adder (D:2)
  A dart slug (D:2)
  A leopard gecko (D:1)
  3 orcs (D:4)
  5 goblins (D:1)
  2 hobgoblins (D:1)
  A bat (D:1)
  A frilled lizard (D:4)
  2 rats (D:1)
18 creatures vanquished.

Notes
Turn   | Place    | Note
-------+----------+-------------------------------------------
     0 | D:1      | iamserjio the Troll Fighter began the quest for the Orb.
     0 | D:1      | Reached XP level 1. HP: 22/22 MP: 0/0
   187 | D:1      | Reached XP level 2. HP: 24/29 MP: 1/1
   228 | D:1      | Reached skill level 3 in Unarmed Combat
   279 | D:4      | Reached skill level 4 in Unarmed Combat
   279 | D:4      | Reached XP level 3. HP: 25/36 MP: 2/2
   305 | D:5      | Entered Level 5 of the Dungeon
   350 | D:4      | Killed from afar by an orc priest

Skill      XL: |  1  2 |
---------------+-------+-----
Unarmed Combat | 4 |  4.1
Fighting       | |  2.4
Dodging        | |  2.4
Shields        | |  2.4

Action                   || total
-------------------------++-------
Melee: Unarmed           ||    57
  Use: Potion            ||     2
  Eat: Chunk             ||     1
Armor: Robe              ||    18
Dodge: Dodged            ||    16
Block: Shield            ||    36
